 Dungeon Crawl Stone Soup version 0.19.1-1-g22dce08 (webtiles) character file.

157 ponk the Covert (level 5, 0/35 HPs)
             Began as an Octopode Assassin on Jan 11, 2017.
             Killed by nerve-wracking pain
             ... invoked by Menkaure
              (5 damage)
             ... on level 4 of the Dungeon.
             The game lasted 00:07:41 (2259 turns).

ponk the Covert (Octopode Assassin)                 Turns: 2259, Time: 00:07:42

Health: 0/35       AC:  1    Str: 10    XL:     5   Next: 38%
Magic:  5/5        EV: 13    Int: 13    God:
Gold:   49         SH:  0    Dex: 15    Spells: 0 memorised, 4 levels left

rFire  . . .     SeeInvis .     i - +1 dagger (drain)
rCold  . . .     Gourm    .     (no shield)
rNeg   . . .     Faith    .     (helmet restricted)
rPois  .         Spirit   .     (no amulet)
rElec  .         Reflect  .     (no ring)
rCorr  .         Harm     .     (no ring)
MR     .....                    (no ring)
Stlth  +++++.....               (no ring)
                                (no ring)
                                (no ring)
                                (no ring)
                                (no ring)

@: no status effects
A: almost no armour, stealthy swim, amphibious, 8 rings, constrict 8, camouflage
1, gelatinous body 1
a: no special abilities


You were on level 4 of the Dungeon.
You were not hungry.

You visited 1 branch of the dungeon, and saw 4 of its levels.

You collected 49 gold pieces.

Inventory:

Hand Weapons
 a - a +2 dagger
 b - a +0 blowgun
 i - a +1 dagger of draining (weapon)
 k - a +0 dagger
Missiles
 c - 8 poisoned needles
 d - 2 curare-tipped needles
 o - 6 needles of sleeping
Wands
 l - a wand of random effects (30/48)
Scrolls
 e - 4 scrolls of identify {unknown}
 h - 2 scrolls of fog {unknown}
 n - a scroll of teleportation {unknown}
 p - a scroll of enchant armour {unknown}
Potions
 j - a potion of haste {unknown}
 m - a potion of flight {unknown}
 r - a potion of agility {unknown}
 s - 2 potions of cure mutation {unknown}
Comestibles
 f - 2 bread rations
 g - a slice of pizza
 q - a meat ration


   Skills:
 - Level 2.4 Fighting
 - Level 2.2 Short Blades
 - Level 2.0 Throwing
 - Level 1.1 Dodging
 + Level 8.6 Stealth


You had 4 spell levels left.
You didn't know any spells.

Dungeon Overview and Level Annotations

Branches:
Dungeon (4/15)
 Temple: D:4-7

Altars:
Elyvilon
Fedhas
Hepliaklqana

Annotations:
D:3 Paps's ghost, amateur DsFi
D:4 Menkaure; ponk's ghost, amateur OpAs


Innate Abilities, Weirdness & Mutations

You cannot wear most types of armour.
You are very stealthy in the water. (Stealth+)
You are amphibious.
You can wear up to eight rings at the same time.
You can use your tentacles to constrict eight enemies at once.
Your skin changes colour to match your surroundings (Stealth+).
Your rubbery body absorbs attacks. (AC +1, EV +1)


Message History

An orc comes into view. It is wielding a flail.
The howler monkey hoots and howls with incredible vigour!
The howler monkey hoots and howls with incredible vigour!
You hear an angry hiss.
You hear a shout! x3
Menkaure, Prince of Dust comes into view.
Menkaure shouts! 2 orc wizards come into view.
Menkaure casts a spell.
Menkaure seems to speed up.
Menkaure completely misses you.
A worm and an orc wizard come into view.
Menkaure closely misses you.
The orc wizard points at you and mumbles some strange words.
The magic dart hits you!
* * * LOW HITPOINT WARNING * * *
Found a stone staircase leading down.
You see here 3 fruits.
Menkaure points at you and mumbles some strange words.
Pain shoots through your body!
You die...

##....# #.....##
##......########
##.........<.....
##................
##..........?......
###...###.............
####....##
#....w.......
.....[..##
#..@o>......
........W#
##.M##....o.
.$..##...# ##h.##....#
...# ##..## #..o...##
..# ##...# ##....## ..
#....# #...##
###.#..## #..##
...≈.≈.W.## #W.#
..≈.≈.≈#..# #..#


You could see Menkaure, a worm, a howler monkey, 2 orc wizards, ponk's ghost and
an orc.

Vanquished Creatures
  Jessica (D:2)
  Terence (D:2)
  Robin (D:2)
  3 adders (D:2)
  A dart slug (D:2)
  2 orcs
  6 bats
  5 giant cockroaches
  7 hobgoblins
  4 jackals (D:2)
  9 kobolds
  A quokka (D:2)
  4 frilled lizards
  12 goblins
  8 rats
65 creatures vanquished.

Notes
Turn   | Place    | Note
-------+----------+-------------------------------------------
     0 | D:1      | ponk the Octopode Assassin began the quest for the Orb.
     0 | D:1      | Reached XP level 1. HP: 14/14 MP: 1/1
   143 | D:1      | Reached XP level 2. HP: 15/19 MP: 2/2
   222 | D:1      | Reached skill level 6 in Stealth
   769 | D:2      | Reached XP level 3. HP: 24/24 MP: 3/3
   868 | D:2      | Noticed Terence
   875 | D:2      | Killed Terence
   896 | D:2      | Reached skill level 7 in Stealth
   896 | D:2      | Reached XP level 4. HP: 28/30 MP: 4/4
  1065 | D:2      | Noticed Jessica
  1071 | D:2      | Killed Jessica
  1298 | D:2      | Noticed Robin
  1346 | D:2      | Reached skill level 8 in Stealth
  1366 | D:2      | Killed Robin
  1366 | D:2      | Reached XP level 5. HP: 20/35 MP: 5/5
  1855 | D:2      | Found a blossoming altar of Fedhas.
  1893 | D:2      | Found a hazy altar of Hepliaklqana.
  1901 | D:2      | Found a white marble altar of Elyvilon.
  2190 | D:3      | Noticed Paps's ghost (amateur DsFi)
  2225 | D:4      | Noticed ponk's ghost (amateur OpAs)
  2253 | D:4      | Noticed Menkaure
  2259 | D:4      | Killed from afar by Menkaure

Skill      XL: |  1  2  3  4 |
---------------+-------------+-----
Stealth        | 6 7 8 |  8.6
Fighting       | |  2.4
Short Blades   | |  2.2
Throwing       | |  2.0
Dodging        | |  1.1

Action                   |  1- 3 |  4- 6 || total
-------------------------+-------+-------++-------
Melee: Dagger            |    44 |    77 ||   121
       Tentacles         |     8 |    10 ||    18
       Constrict         |     8 |    16 ||    24
 Fire: Blowgun           |       |     3 ||     3
 Stab: Sleeping          |     8 |     8 ||    16
  Eat: Chunk             |       |     4 ||     4
Armor: Skin              |     5 |     2 ||     7
Dodge: Dodged            |    21 |    50 ||    71
